 Dungeon Crawl Stone Soup version 0.25-a0-696-g42a9e46 (webtiles) character file.

Game seed: 15621129167925904307, levelgen mode: deterministic

39 Faels the Sneak (level 3, 0/31 HPs)
             Began as a Kobold Assassin on Mar 30, 2020.
             Succumbed to an adder's poison
             ... on level 2 of the Dungeon.
             The game lasted 00:03:03 (1033 turns).

Faels the Sneak (Kobold Assassin)                   Turns: 1033, Time: 00:03:04

Health: 0/31       AC: 21    Str:  9    XL:     3   Next: 67%
Magic:  3/3        EV:  3    Int: 12    God:
Gold:   80         SH:  0    Dex: 16    Spells: 2/2 levels left

rFire    . . .     SeeInvis .   i - +2 whip (venom)
rCold    . . .     Gourm    .   (shield restricted)
rNeg     + + +     Faith    .   (armour currently unavailable)
rPois    +         Spirit   .   (helmet currently unavailable)
rElec    .         Reflect  .   (cloak currently unavailable)
rCorr    .         Harm     .   (gloves currently unavailable)
MR       .....     NoTele   +   (boots currently unavailable)
Stlth    +++.......             (no amulet)
HPRegen  0.10/turn              (no ring)
MPRegen  0.08/turn              (no ring)

@: mighty, lethally poisoned (0 -> -6), tree-form, hasted, very quick
A: small, carnivore
a: no special abilities


You were on level 2 of the Dungeon.
You were completely stuffed.
You were a tree.
You visited 1 branch of the dungeon, and saw 2 of its levels.

You collected 80 gold pieces.

Inventory:

Hand Weapons
 a - a +2 dagger
 i - a +2 whip of venom (weapon)
Missiles
 d - 4 poisoned darts (quivered)
 e - 5 curare-tipped darts
Armour
 b - a +0 robe (melded)
 c - a +0 cloak (melded)
Scrolls
 g - a scroll of identify {unknown}
 h - a scroll of enchant weapon {unknown}
 j - 2 scrolls of teleportation {unknown}
 k - a scroll of magic mapping {unknown}
 o - a scroll of random uselessness {unknown}
Comestibles
 f - 2 rations
 p - 4 chunks of flesh


   Skills:
 - Level 2.3 Fighting
 - Level 2.8 Short Blades
 * Level 2.3 Maces & Flails
 - Level 2.3 Throwing
 - Level 1.4 Dodging
 - Level 5.4 Stealth


You had 2 spell levels left.
You didn't know any spells.
Your spell library was empty.

Dungeon Overview and Level Annotations

Branches:
Dungeon (2/15)

Altars:


Innate Abilities, Weirdness & Mutations

You are small and have problems with some larger weapons.
You are carnivorous and can eat meat at any time.


Message History

The adder poisons you!
It was a potion of lignification.
You turn into a tree.
Your +0 cloak melds into your body.
Your +0 robe melds into your body.
Your roots penetrate the ground.
The adder bites you but does no damage.
You closely miss the adder.
The adder is severely wounded.
* * * LOW HITPOINT WARNING * * *
You feel sick. The adder bites you but does no damage.
You barely miss the adder.
The adder is severely wounded.
You whack the adder!
You kill the adder!
* * * LOW HITPOINT WARNING * * *
You feel sick.
You cannot move.
* * * LOW HITPOINT WARNING * * *
You feel sick.
* * * LOW HITPOINT WARNING * * *
You feel sick.
You die...

#.. #..# # #..# #.
#..# ##.##..#####
........... ##
#####.....##
....(.(...♣..#
.#..##.#.#..# . ..
#.#.#..# . #.
##.###.#...>#
...#.# ...##.###..#
.#.... #.##.#....#
.#..... #........##
.##....###.###....#
...
#...>.###...÷###


There were no monsters in sight!

Vanquished Creatures
  An adder (D:2)
  A dart slug (D:1)
  2 leopard geckos (D:1)
  3 bats (D:1)
  4 giant cockroaches (D:1)
  4 goblins
  3 hobgoblins
  A frilled lizard (D:1)
  2 kobolds (D:1)
  2 rats (D:2)
23 creatures vanquished.

Notes
Turn   | Place    | Note
-------+----------+-------------------------------------------
     0 | D:1      | Faels the Kobold Assassin began the quest for the Orb.
     0 | D:1      | Reached XP level 1. HP: 12/12 MP: 1/1
   190 | D:1      | Reached XP level 2. HP: 16/17 MP: 2/2
   300 | D:1      | Reached skill level 1 in Maces & Flails
   416 | D:1      | Reached XP level 3. HP: 15/21 MP: 3/3
  1028 | D:2      | HP: 1/31 [poisoned by an adder]
  1033 | D:2      | Succumbed to an adder's poison

Levels and vault maps discovered:
D:1:      psy_arrival_dodecagon, layout_basic
D:2:      layout_loops_ring, uniq_jessica

Skill      XL: |  1  2  3 |
---------------+----------+-----
Maces & Flails | 1 2 |  2.3
Fighting       | |  2.3
Short Blades   | |  2.8
Throwing       | |  2.3
Dodging        | |  1.4
Stealth        | |  5.4

Action                   || total
-------------------------++-------
Melee: Dagger            ||     9
       Whip              ||    52
Throw: Dart              ||     7
  Use: Potion            ||     3
 Stab: Sleeping          ||     3
  Eat: Chunk             ||     9
Armor: Robe              ||    10
       Skin              ||     2
Dodge: Dodged            ||    55

Table legend:
 A = Non-vault XP
 B = Vault XP
 C = Vault XP percentage of total XP
 D = Non-vault monster count
 E = Vault monster count
 F = Vault count percentage of total count
                 A         B        C        D         E       F
            +---------+---------+-------+---------+---------+-------
      Total |      56 |       0 |   0.0 |      23 |       0 |   0.0
            +---------+---------+-------+---------+---------+-------
        D:1 |      37 |       0 |   0.0 |      18 |       0 |   0.0
        D:2 |      19 |       0 |   0.0 |       5 |       0 |   0.0
            +---------+---------+-------+---------+---------+-------
